 Dungeon Crawl Stone Soup version 0.32-a0-968-g61e5eb5241 (webtiles) character file.

Game seed: 8411022865337804632

917 DryNick the Chopper (level 7, -1/61 HPs)
             Began as a Mountain Dwarf Fighter on Apr 18, 2024.
             Slain by a mummy (13 damage)
             ... in an ossuary.
             The game lasted 00:11:43 (4578 turns).

DryNick the Chopper (Mountain Dwarf Fighter)        Turns: 4578, Time: 00:11:43

Health: -1/61      AC: 14    Str: 21    XL:     7   Next: 83%
Magic:  7/7        EV:  5    Int:  8    God:
Gold:   266        SH:  4    Dex:  9    Spells: 6/6 levels left

rFire   . . .        a - +0 war axe
rCold   . . .        c - +0 buckler
rNeg    + . .        j - +0 plate armour
rPois   .            x - +0 helmet
rElec   .            (no cloak)
rCorr   .            (no gloves)
SInv    .            v - +0 pair of boots
Will    .....        (no amulet) Stlth
                     t - ring of positive energy
HPRegen 0.30/turn    (no ring)
MPRegen 0.10/turn

%: no passive effects
@: no status effects
A: runic magic, artefact enchanting
a: no special abilities


You were in an ossuary.
You visited 1 branch of the dungeon, and saw 5 of its levels.
You also visited: Ossuary.

You collected 266 gold pieces.

Inventory:

Hand Weapons
 a - a +0 war axe (weapon)
 z - a +0 triple crossbow
 A - a +4 whip
Missiles
 d - 4 poisoned darts
 h - 50 stones (quivered)
 k - 4 javelins
 o - 4 darts of dispersal
Armour
 c - a +0 buckler (worn)
 j - a +0 plate armour (worn)
 v - a +0 pair of boots (worn)
 x - a +0 helmet (worn)
Jewellery
 t - a ring of positive energy (left hand)
Wands
 w - a wand of mindburst (15)
Scrolls
 b - 2 scrolls of teleportation
 f - a scroll of poison {unknown}
 g - a scroll of noise
 i - a scroll of enchant weapon {unknown}
 l - a scroll of vulnerability {unknown}
 n - a scroll of summoning {unknown}
 r - a scroll of identify {unknown}
 s - a scroll of blinking {unknown}
 y - a scroll of enchant armour {unknown}
Potions
 e - 4 potions of haste {unknown}
 m - 2 potions of lignification {unknown}
 q - a potion of heal wounds {unknown}
 u - a potion of curing {unknown}


   Skills:
 + Level 5.4 Fighting
 * Level 7.1 Axes
 + Level 5.4 Armour
 + Level 5.5 Shields


You had 6 spell levels left.
You didn't know any spells.
Your spell library contained the following spells:

 Spells                   Type           Power      Damage    Failure   Level
 Dazzling Flash           Conj/Hex       0%         N/A       98%         3
 Stone Arrow              Conj/Erth      0%         3d7       98%         3
 Animate Armour           Summ/Erth      0%         N/A       100%        4
 Starburst                Conj/Fire      0%         6d3       100%        6
 Seismic Cannonade        Alch/Erth      0%         6d4       100%        7
 Fulsome Fusillade        Conj/Alch      0%         (3-5)d4   100%        8
 Lehudib's Crystal Spear  Conj/Erth      0%         10d2      100%        8


Dungeon Overview and Level Annotations

Branches:
Dungeon (5/15)            Ossuary (1/1)
 Temple: D:4-7

Altars:


Innate Abilities, Weirdness & Mutations

Your spellcasting is much less encumbered by armour.
You can use scrolls of enchantment on lesser artefacts.


Message History

You hit the mummy.
You destroy the mummy!
You hit the mummy but do no damage. You closely miss the mummy.
You block the mummy's attack.
You barely miss the mummy. You hit the mummy but do no damage.
The mummy barely misses you. The mummy hits you!
You barely miss the mummy. You hit the mummy but do no damage.
The mummy hits you but does no damage.
You barely miss the mummy. You hit the mummy. You slash the mummy!
The mummy hits you but does no damage.
You hit the mummy.
The mummy is severely damaged.
You hit the mummy but do no damage. You slash the mummy! You hit the mummy.
You block the mummy's attack. The mummy hits you but does no damage.
The mummy closely misses you. The mummy barely misses you.
You hit the mummy but do no damage.
The mummy is severely damaged.
You hit the mummy but do no damage. You hit the mummy.
You completely miss the mummy. The mummy hits you.
The mummy hits you but does no damage. The mummy barely misses you. x2
You barely miss the mummy.
The mummy is severely damaged.
You hit the mummy. You barely miss the mummy. You closely miss the mummy.
The mummy hits you but does no damage. x2; The mummy barely misses you.
You barely miss the mummy.
The mummy is severely damaged.
You hit the mummy but do no damage. x2; You barely miss the mummy.
You block the mummy's attack.
You hit the mummy but do no damage.
The mummy is severely damaged.
You hit the mummy. x2; You slash the mummy!
The mummy hits you! The mummy hits you but does no damage. The mummy hits you.
* * * LOW HITPOINT WARNING * * *
The mummy hits you.
* * * LOW HITPOINT WARNING * * *
You barely miss the mummy.
The mummy is severely damaged.
You hit the mummy. You hit the mummy but do no damage. x2
The mummy barely misses you. The mummy hits you!
You die...

.. #### ... ...
##..## ....
...##....##....
...............
...............
..............#
#...MMM..#
#...@M.#
##....## #....#
#....# #....#
#....# #....#
#....# #....#


You could see 4 mummies.

Vanquished Creatures
  A water moccasin (D:4)
  2 ice beasts (D:3)
  A scorpion (D:5)
  A howler monkey (D:5)
  2 hounds
  4 orc priests
  Natasha (thrice) (D:2)
  An orc wizard (D:4)
  2 mummies (Ossuary)
  10 adders
  A ribbon worm (D:2)
  8 dart slugs
  9 orcs
  12 endoplasms
  9 giant cockroaches
  2 gnoll zombies (Ossuary)
  9 goblins
  6 hobgoblins
  7 kobolds
  4 quokkas
  9 ball pythons
  5 bats
  3 frilled lizards
  A hobgoblin zombie (Ossuary)
  3 kobold zombies (Ossuary)
  2 orc zombies (Ossuary)
  7 rats
124 creatures vanquished.

Notes
Turn   | Place    | Note
-------+----------+-------------------------------------------
     0 | D:1      | DryNick the Mountain Dwarf Fighter began the quest for the
                  | Orb.
     0 | D:1      | Reached XP level 1. HP: 19/19 MP: 1/1
   240 | D:1      | Reached XP level 2. HP: 26/26 MP: 2/2
   322 | D:1      | Reached skill level 3 in Axes
  1024 | D:2      | Reached XP level 3. HP: 31/31 MP: 3/3
  1346 | D:2      | Reached XP level 4. HP: 39/40 MP: 4/4
  1647 | D:2      | Reached skill level 4 in Axes
  2364 | D:3      | Noticed an ice beast
  2372 | D:3      | Killed an ice beast
  2373 | D:3      | Reached XP level 5. HP: 30/46 MP: 5/5
  2377 | D:3      | Reached skill level 5 in Axes
  2772 | D:3      | Noticed Natasha
  2786 | D:2      | Killed Natasha
  2787 | D:2      | Reached XP level 6. HP: 41/53 MP: 6/6
  2944 | D:2      | Noticed Natasha
  2952 | D:2      | Killed Natasha
  3272 | D:2      | Noticed Natasha
  3279 | D:2      | Killed Natasha
  3488 | D:4      | Noticed an ice beast
  3506 | D:3      | Killed an ice beast
  3634 | D:4      | Reached skill level 6 in Axes
  3634 | D:4      | Reached XP level 7. HP: 60/60 MP: 7/7
  3804 | D:3      | Reached skill level 5 in Shields
  3967 | D:4      | Reached skill level 5 in Fighting
  3967 | D:4      | Reached skill level 5 in Armour
  4367 | D:5      | Entered Level 5 of the Dungeon
  4413 | D:4      | Reached skill level 7 in Axes
  4534 | D:5      | Found a sand-covered staircase.
  4540 | Ossuary  | Entered an ossuary
  4578 | Ossuary  | Slain by a mummy

Illustrated notes

Levels and vault maps discovered:
D:1:      enne_arrival_octagon_isle, layout_basic, st_stairs_9
D:2:      minmay_thinvault, layout_basic
D:3:      wad_river_or_something, layout_rooms, uniq_natasha
D:4:      layout_cave_pools
D:5:      layout_rooms, gammafunk_ghost_grave, nicolae_ossuary_entry_plus,
          minmay_starry_boxes
Ossuary:  ossuary_tomb_3

Skill      XL: |  1  2  3  4  5  6  7 |
---------------+----------------------+-----
Axes           | 3 4 5 6 7 |  7.1
Shields        | 4 5 |  5.5
Fighting       | 4 5 |  5.4
Armour         | 4 5 |  5.4

Action                     |  1- 3 |  4- 6 |  7- 9 || total
---------------------------+-------+-------+-------++-------
  Melee: War axe           |    89 |   142 |   133 ||   364
    Use: Potion            |       |     1 |       ||     1
         Scroll            |       |       |     2 ||     2
 Armour: Scale mail        |    38 |       |       ||    38
         Plate armour      |    63 |   158 |   152 ||   373
  Dodge: Dodged            |    25 |    30 |    38 ||    93
  Block: Buckler           |    31 |    34 |    41 ||   106

Table legend: (Time is in decaauts)
 A = Elapsed time spent in this place.
 B = Non-inter-level travel time spent in this place.
 C = Inter-level travel time spent in this place.
 D = Time resting spent in this place.
 E = Time spent auto-exploring this place.
 F = Levels seen in this place.
 G = Mean time per level.
                   A        B        C        D        E       F      G
               +--------+--------+--------+--------+--------+-----+--------+
         Total |   4692 |   4206 |    486 |    545 |   2576 |   6 |  782.0 |
       Dungeon |   4650 |   4164 |    486 |    545 |   2572 |   5 |  930.0 |
       Ossuary |     41 |     41 |      0 |      0 |      4 |   1 |   41.0 |
               +--------+--------+--------+--------+--------+-----+--------+

Top non-repeatable levels by time:
     D:2: 1670 daAuts
     D:3: 1277 daAuts
     D:1: 958 daAuts
     D:4: 644 daAuts
     D:5: 99 daAuts
 Ossuary: 41 daAuts
